Map: Acid Plant LE

Players

ACE (Voltz)

  • Race: Zerg Zerg
  • League: Grandmaster
  • Spawn Location: 5:00

MCanning - Winner!

  • Race: Protoss Protoss
  • League: Grandmaster
  • Spawn Location: 11:00

VOD

Have the link to the VOD?

Description

Time

  • Played on: Oct. 7, 2018, 5:49 p.m.
  • Length: 11:44
Show
View Real Time Build Order
Export as new Build Order

ACE Zerg 

Build Orders: Hatch First 

Get SALT Encoding   

  12  0:00  Drone  
  13  0:12  Overlord  
  13  0:17  Drone  
  14  0:30  Drone x2  
  14  0:34  Drone  
  17  0:51  Hatchery  
  17  0:54  Drone  
  17  0:58  Drone  
  18  1:08  Extractor  
  17  1:12  Spawning Pool  
  17  1:15  Drone  
  17  1:18  Drone  
  18  1:27  Drone  
  19  1:43  Overlord  
  19  1:49  Drone  
  20  1:59  Queen  
  20  2:01  Zergling x2  
  23  2:03  Drone, Queen  
  23  2:07  Metabolic Boost  
  26  2:11  Zergling x2  
  26  2:13  Zergling x2  
  28  2:21  Drone  
  29  2:25  Drone  
  30  2:32  Drone  
  31  2:37  Hatchery, Drone  
  31  2:43  Drone  
  32  2:48  Zergling x2  
  32  2:53  Baneling Nest  
  32  2:56  Queen  
  33  3:00  Zergling x2  
  33  3:01  Zergling x2  
  35  3:08  Zergling x2  
  35  3:22  Overlord  
  35  3:25  Extractor  
  35  3:26  Spore Crawler x2  
  32  3:27  Zergling x6  
  35  3:40  Zergling x10  
  43  3:46  Baneling x5  
  43  3:47  Baneling  
  43  3:51  Overlord x2  
  39  4:11  Drone x8  
  39  4:13  Drone  
  47  4:17  Drone  
  47  4:21  Drone  
  47  4:23  Baneling  
  48  4:25  Drone x3  
  48  4:27  Drone  
  48  4:29  Drone  
  51  4:36  Extractor  
  51  4:37  Extractor  
  51  4:38  Spore Crawler x2  
  47  4:39  Spore Crawler  
  47  4:41  Drone  
  47  4:42  Drone  
  47  4:44  Drone  
  47  4:46  Drone  
  47  4:49  Drone  
  47  4:52  Drone  
  50  4:58  Drone x2  
  52  5:03  Overlord  
  52  5:05  Overlord x2  
  52  5:08  Lair  
  52  5:18  Overlord  
  52  5:22  Drone  
  52  5:23  Drone  
  52  5:24  Drone  
  52  5:25  Drone x4  
  52  5:27  Drone x2  
  49  5:45  Drone x8  
  53  5:51  Drone  
  53  5:52  Drone x3  
  53  5:57  Drone  
  58  6:01  Drone  
  58  6:03  Drone  
  58  6:04  Drone  
  61  6:06  Hydralisk Den, Centrifical Hooks  
  60  6:12  Extractor  
  60  6:15  Drone x2  
  60  6:16  Overlord, Drone  
  62  6:18  Overlord  
  62  6:36  Hydralisk x7  
  76  6:41  Hydralisk  
  78  6:47  Hydralisk x2  
  78  6:50  Overlord  
  78  6:51  Zergling x10  
  87  6:56  Zergling x4  
  87  6:57  Extractor  
  87  7:01  Zergling x8  
  92  7:04  Zergling x6  
  95  7:10  Zergling x4  
  95  7:14  Zergling x2  
  98  7:19  Baneling x10  
  98  7:20  Baneling  
  98  7:21  Baneling x2  
  98  7:23  Baneling x2  
  98  7:24  Baneling  
  98  7:26  Zergling x10  
  98  7:27  Zergling x2  
  104  7:30  Baneling x3  
  104  7:32  Zergling x2  
  104  7:35  Zergling x4  
  104  7:41  Zergling x4  
  103  7:47  Zergling x6  
  102  7:54  Zergling x2  
  102  7:55  Zergling x8  
  102  7:57  Zergling x2  
  100  8:02  Zergling x2  
  94  8:09  Zergling x2  
  94  8:10  Zergling x6  
  94  8:12  Zergling x2  
  94  8:13  Zergling x2  
  94  8:17  Zergling x2  
  94  8:19  Baneling x10  
  96  8:20  Baneling x4  
  96  8:25  Baneling  
  96  8:26  Baneling x7  
  96  8:27  Zergling x2  
  96  8:28  Zergling x4  
  96  8:32  Zergling x2  
  98  8:36  Zergling x2  
  98  8:38  Grooved Spines  
  94  8:52  Drone x6  
  94  8:53  Spire, Drone x3  
  94  8:54  Extractor  
  101  9:02  Zergling x4  
  102  9:11  Hydralisk  
  102  9:12  Hydralisk x2  
  94  9:19  Hydralisk x3  
  94  9:22  Zergling x10  
  97  9:28  Hydralisk  
  97  9:29  Hydralisk  
  99  9:36  Zergling x4  
  97  9:42  Hydralisk  
  94  9:48  Zergling x6  
  94  9:49  Baneling  
  94  9:50  Baneling x9  
  97  9:56  Zergling x2  
  97  9:58  Overlord x3  
  98  10:00  Overlord x2  
  98  10:04  Baneling  
  98  10:05  Baneling x3  
  98  10:11  Overlord  
  98  10:14  Overlord  
  98  10:15  Queen  
  100  10:27  Zergling x2  
  100  10:28  Zergling x20  
  108  10:34  Zergling x6  
  108  10:35  Zergling x2  
  104  10:39  Zergling x2  
  84  10:45  Zergling x2  
  84  10:48  Hydralisk  
  80  10:53  Hydralisk  
  80  10:55  Hydralisk x3  
  79  11:02  Baneling x15  
  77  11:04  Zergling x2  
  77  11:05  Zergling x2  
  77  11:07  Zergling x2  
  80  11:13  Zergling x6  
  80  11:14  Zergling x2  
Show
View Real Time Build Order
Export as new Build Order

MCanning Protoss - Winner!

Build Orders: 1 Gate Expand, Oracle Opening, Phoenix Opening 

Get SALT Encoding   

  12  0:00  Probe  
  13  0:12  Probe  
  14  0:20  Pylon  
  14  0:24  Probe  
  15  0:35  Probe  
  15  0:39  Gateway  
  16  0:43  Probe  
  17  0:50  Assimilator  
  17  0:52  Probe  
  18  1:04  Probe  
  19  1:16  Probe  
  20  1:25  Nexus  
  20  1:35  Cybernetics Core  
  20  1:38  Probe  
  21  1:44  Assimilator  
  21  1:50  Probe  
  22  1:55  Pylon  
  22  2:02  Probe  
  22  2:04  Adept  
  23  2:15  Probe  
  26  2:21  Stargate  
  26  2:27  Probe  
  27  2:30  Adept  
  27  2:33  Probe  
  27  2:34  Warp Gate  
  29  2:39  Probe  
  29  2:41  Probe  
  31  2:51  Probe x2  
  33  2:56  Phoenix  
  34  3:03  Probe x2  
  38  3:10  Oracle  
  38  3:15  Probe x2  
  40  3:25  Pylon  
  43  3:27  Probe x2  
  43  3:30  Gateway  
  45  3:38  Pylon  
  45  3:39  Probe  
  45  3:40  Oracle  
  46  3:43  Probe  
  46  3:47  Assimilator  
  47  3:51  Probe, Assimilator  
  47  3:55  Probe  
  52  4:01  Pylon  
  52  4:03  Probe  
  52  4:06  Shield Battery  
  52  4:08  Oracle  
  53  4:12  Pylon  
  53  4:14  Probe  
  54  4:18  Shield Battery  
  54  4:21  Shield Battery  
  56  4:31  Probe  
  57  4:34  Probe  
  57  4:43  Probe, Robotics Facility  
  58  4:46  Probe  
  58  4:50  Robotics Facility  
  59  4:57  Adept x2  
  59  4:58  Probe  
  64  5:02  Probe  
  64  5:04  Forge  
  65  5:07  Twilight Council  
  65  5:11  Probe, Gateway  
  65  5:12  Gateway  
  66  5:14  Probe  
  66  5:15  Pylon  
  66  5:18  Pylon, Adept  
  69  5:36  Probe  
  69  5:41  Charge  
  70  5:43  Probe  
  70  5:48  Probe  
  66  5:54  Observer  
  66  5:55  Probe, Robotics Bay  
  68  5:59  Protoss Ground Weapons Level 1  
  68  6:00  Gateway  
  68  6:02  Gateway  
  68  6:05  Sentry  
  68  6:07  Sentry  
  72  6:17  Nexus  
  72  6:18  Pylon  
  72  6:21  Pylon  
  76  6:28  Probe  
  73  6:33  Colossus  
  73  6:34  Pylon  
  73  6:37  Extended Thermal Lance  
  73  6:38  Gateway  
  73  6:40  Pylon, Gateway  
  73  6:41  Pylon  
  73  6:43  Photon Cannon  
  73  6:45  Probe  
  78  6:55  Probe  
  78  6:59  Templar Archives  
  79  7:10  Probe  
  79  7:11  Pylon  
  79  7:14  Shield Battery  
  80  7:17  Assimilator  
  80  7:23  Zealot x4  
  80  7:28  Colossus  
  88  7:33  Shield Battery  
  88  7:34  Shield Battery, Sentry  
  96  7:50  Zealot x4  
  69  8:00  Zealot  
  69  8:03  Zealot  
  61  8:08  Colossus  
  61  8:12  Zealot  
  56  8:13  Sentry  
  56  8:18  Sentry  
  56  8:21  Stalker  
  56  8:22  Stalker  
  66  8:40  Probe  
  67  8:46  Probe  
  68  8:49  Zealot x3  
  68  8:50  Zealot x2  
  68  8:51  High Templar x2  
  68  8:55  Archon  
  82  8:57  Warp Prism  
  84  9:15  Zealot x3  
  78  9:17  Zealot  
  78  9:22  Zealot x2  
  76  9:24  Observer  
  76  9:33  High Templar x2  
  76  9:38  Archon  
  80  9:47  Zealot  
  80  9:48  Zealot x5  
  92  10:08  High Templar x4  
  92  10:09  Zealot  
  92  10:12  Archon x2  
  102  10:18  Nexus  
  102  10:33  Zealot  
  102  10:34  Zealot  
  102  10:39  Zealot  
  102  10:40  Zealot x2  
  92  10:46  Observer  
  92  10:47  High Templar x2  
  92  10:53  Archon  
  78  10:59  High Templar x2  
  78  11:00  Zealot x2  
  78  11:03  Archon  
  86  11:05  Zealot  
  71  11:27  Zealot x4  
  71  11:28  Zealot  
  73  11:33  Zealot  
  73  11:39  High Templar x2  
Tags
 
Add a new tag
Caveats
  • Supply blocks, unpowered buildings, or Contaminate may cause inaccurate times.
  • Supply counts are checked every 10 seconds.